 Dungeon Crawl Stone Soup version 0.30-b1-2-g02819fbbbe (webtiles) character file.

Game seed: 4906491854358849206

86 Alarkh the Charlatan (level 4, 33/33 HPs)
             Began as a Demonspawn Artificer on Nov 24, 2023.
             Got out of the dungeon alive.
             The game lasted 00:01:39 (1492 turns).

Alarkh the Charlatan (Demonspawn Artificer)         Turns: 1492, Time: 00:01:39

Health: 33/33      AC:  6    Str: 13    XL:     4   Next: 26%
Magic:  4/4        EV: 11    Int: 14    God:
Gold:   144        SH:  0    Dex: 13    Spells: 3/3 levels left

rFire   . . .        a - +0 rapier
rCold   . . .        (no shield)
rNeg    . . .        b - +0 leather armour
rPois   .            (no helmet)
rElec   .            (no cloak)
rCorr   .            j - +0 pair of gloves
SInv    .            (no boots)
Will    .....        (no amulet)
Stlth   ++           (no ring)
HPRegen 0.25/turn    (no ring)
MPRegen 0.09/turn

%: no passive effects
@: no status effects
A: slimy green scales 1, spiny 1
a: no special abilities


You escaped.
You visited 1 branch of the dungeon, and saw 2 of its levels.

You collected 144 gold pieces.

Inventory:

Hand Weapons
 a - a +0 rapier (weapon)
Armour
 b - a +0 leather armour (worn)
 j - a +0 pair of gloves (worn)
Wands
 c - a wand of flame (10) (quivered)
 d - a wand of charming (15)
 e - a wand of iceblast (4)
Scrolls
 f - a scroll of fear {unknown}
 h - 3 scrolls of identify {unknown}
 k - 2 scrolls of magic mapping {unknown}
 m - a scroll of noise {unknown}
 o - a scroll of amnesia {unknown}
Potions
 g - a potion of brilliance {unknown}
 i - a potion of heal wounds {unknown}
 l - a potion of haste {unknown}
 n - a potion of curing {unknown}


   Skills:
 + Level 2.0 Fighting
 + Level 2.4 Armour
 + Level 1.7 Dodging
 + Level 1.9 Stealth
 + Level 3.4 Evocations


You had 3 spell levels left.
You didn't know any spells.
Your spell library contained the following spells:

 Spells                   Type           Power      Damage    Failure   Level
 Ensorcelled Hibernation  Hex/Ice        0%         N/A       50%         2
 Passwall                 Tmut/Erth      0%         N/A       50%         2
 Swiftness                Air            0%         N/A       73%         3


Dungeon Overview and Level Annotations

Branches:
Dungeon (2/15)

Altars:

Shops:
D:1 [


Innate Abilities, Weirdness & Mutations

You are partially covered in slimy green scales. (AC +2)
You are partially covered in sharp spines.


Message History

The gnoll barely misses you.
You hit the gnoll.
The gnoll is moderately wounded.
The gnoll attacks as you move away! The gnoll is struck by your spines.
The gnoll barely misses you.
The gnoll hits you from afar with a +0 spear.
The gnoll attacks as you move away! The gnoll misses you.
Aiming: Iceblast
Press: ? - help, Shift-Dir - straight line, f - gnoll
Aim: a gnoll, wielding a +0 flail The mass of ice explodes!
The iceblast engulfs the gnoll!!
You kill the gnoll!
The iceblast engulfs the gnoll!
You kill the gnoll!
The iceblast engulfs the gnoll!
You kill the gnoll!
The iceblast engulfs the ball python!!
You kill the ball python!
You have reached level 4!
You feel stronger.
Your demonic ancestry asserts itself...
Slimy green scales grow over part of your body.
The gnoll hits you with a +0 spear.
You see here a +0 spear.
You hit the gnoll.
The gnoll is moderately wounded.
The gnoll is struck by your spines. The gnoll closely misses you.
You hit the gnoll but do no damage.
The gnoll is severely wounded.
The gnoll hits you but does no damage. The gnoll is struck by your spines.
You kill the gnoll!
Your Fighting skill increases to level 2!
Things that are here:
a +0 spear; a gnoll corpse
There is a stone staircase leading up here.
You climb upwards.
There is a stone staircase leading down here.
HP restored.
There is a staircase leading out of the dungeon here.
Are you sure you want to leave the Dungeon?
This will make you lose the game!
You have escaped!

# ####.....#.####>#
#.# # #........#.#
#.# #.# #
#[#####..#.# #.#
#.## # ######.#
#..#.# #.######.>.
####...###### #..#.#
#.##.......
.##.###.##..######.#
#.##.###### #####
##.#.#.##..#.#
#.##.###### ..####
#..###....#.#
#.>......#.
##...###..#.###.@#.#
#..#.###.#.
#.##.##.##.##....#.#
#..#.# #...
.####...##...##..#.#
#..#.# #..# ##
##############.#
#..#.####.. #.....#
#.#..####......###.
###.###
#..............###.
#.#
###..####..........
#.#
#..####......####
#.#
##................


There were no monsters in sight!

Vanquished Creatures
  4 gnolls (D:2)
  2 dart slugs (D:1)
  4 endoplasms
  2 giant cockroaches
  3 hobgoblins
  2 jackals (D:2)
  5 kobolds
  3 quokkas (D:1)
  5 ball pythons
  4 bats
  3 frilled lizards (D:1)
  2 goblins (D:1)
  2 rats (D:1)
41 creatures vanquished.

Notes
Turn   | Place    | Note
-------+----------+-------------------------------------------
     0 | D:1      | Alarkh the Demonspawn Artificer began the quest for the
                  | Orb.
     0 | D:1      | Reached XP level 1. HP: 15/15 MP: 1/1
    76 | D:1      | Found Ilios's Armour Emporium.
    77 | D:1      | Noticed an animated plate armour
    77 | D:1      | Noticed an animated shadow dragon scales
   116 | D:1      | Reached skill level 1 in Dodging
   116 | D:1      | Reached skill level 1 in Stealth
   236 | D:1      | Gained mutation: You are partially covered in sharp spines.
                  | [demonic ancestry]
   236 | D:1      | Reached XP level 2. HP: 18/21 MP: 2/2
   945 | D:1      | Reached XP level 3. HP: 26/26 MP: 3/3
  1398 | D:2      | Gained mutation: You are partially covered in slimy green
                  | scales. (AC +2) [demonic ancestry]
  1398 | D:2      | Reached XP level 4. HP: 29/33 MP: 4/4
  1492 | D:$      | Got out of the dungeon alive.

Illustrated notes

Levels and vault maps discovered:
D:1:      dpeg_arrival_signposts, layout_loops_ring, serial_shops,
          nicolae_shop_mannequins, minmay_liquid_box
D:2:      layout_loops_cross, serial_shops, nicolae_shop_tiny_waterfront

Skill      XL: |  1  2  3  4 |
---------------+-------------+-----
Dodging        | 1 |  1.7
Stealth        | 1 |  1.9
Armour         | 2 |  2.4
Fighting       | 2 |  2.0
Evocations     | |  3.4

Action                     |  1- 3 |  4- 6 || total
---------------------------+-------+-------++-------
  Melee: Dagger            |    55 |       ||    55
         Club              |     2 |       ||     2
         Rapier            |    21 |     2 ||    23
         Punch             |     2 |       ||     2
  Evoke: Wand              |     6 |       ||     6
   Stab: Sleeping          |     6 |       ||     6
 Armour: Leather armour    |    14 |     1 ||    15
  Dodge: Dodged            |    40 |     1 ||    41
